 Dungeon Crawl Stone Soup version 0.20-a0-522-g0b37eee (webtiles) character file.

2236 nubinia the Geomancer (level 9, -18/47 HPs)
             Began as a Gargoyle Earth Elementalist on Jan 25, 2017.
             Was a Follower of Sif Muna.
             Killed from afar by Erica (25 damage)
             ... with an orb of energy
             ... on level 8 of the Dungeon.
             The game lasted 00:35:15 (9424 turns).

nubinia the Geomancer (Gargoyle Earth Elementalist) Turns: 9424, Time: 00:35:15

Health: -18/47     AC: 15    Str: 13    XL:     9   Next: 36%
Magic:  4/17       EV: 12    Int: 18    God:    Sif Muna [*.....]
Gold:   359        SH:  0    Dex: 12    Spells: 8/19 levels left

rFire    + . .     SeeInvis .   D - +2 mace (holy)
rCold    . . .     Gourm    .   M - +3 leather armour
rNeg     + . .     Faith    .   (no shield)
rPois    ∞         Spirit   .   U - +1 hat
rElec    +         Reflect  .   C - +0 cloak
rCorr    .         Harm     .   P - +0 pair of gloves
MR       .....                  (no boots)
Stlth    ++........             q - amulet of magic regeneration
Regen    0.1/turn               (no ring)
                                h - ring of protection from fire

@: no status effects
A: agile 1, blink, negative energy resistance 1, electricity resistance, slow
regeneration 1, unbreathing, petrification resistance, rot immunity, AC +5
a: Blink, Divine Energy, Renounce Religion


You were on level 8 of the Dungeon.
You worshipped Sif Muna.
Sif Muna was aware of your devotion.
You were very hungry.

You visited 2 branches of the dungeon, and saw 9 of its levels.

You collected 359 gold pieces.

Inventory:

Hand Weapons
 o - a +0 club
 t - a +0 flail
 D - a +2 mace of holy wrath (weapon)
Missiles
 b - 191 stones (quivered)
Armour
 c - a +0 robe
 s - a +2 robe of magic resistance
 A - a +0 pair of gloves
 C - a +0 cloak (worn)
 M - a +3 leather armour (worn)
 O - a +3 leather armour
 P - a +0 pair of gloves (worn)
 U - a +1 hat (worn)
Jewellery
 h - a ring of protection from fire (left hand)
 q - an amulet of magic regeneration (around neck)
 N - an uncursed ring of protection from cold {unknown}
 S - an uncursed ring of see invisible {unknown}
Wands
 F - a wand of iceblast (10/15)
 L - a wand of flame (16/48)
 T - a wand of enslavement (8/24)
Scrolls
 f - a scroll of remove curse {unknown}
 n - a scroll of random uselessness {unknown}
 p - 3 scrolls of teleportation
 w - 2 scrolls of recharging
 x - a scroll of immolation {unknown}
 y - a scroll of blinking
 z - a scroll of fog
 E - a scroll of noise {unknown}
 H - a scroll of amnesia {unknown}
 K - a scroll of summoning {unknown}
 Q - 2 scrolls of identify
Potions
 a - a potion of mutation
 g - a potion of haste {unknown}
 i - a potion of ambrosia
 j - a potion of flight {unknown}
 l - 3 potions of heal wounds
 m - 2 potions of curing
 u - a potion of brilliance {unknown}
 v - a potion of lignification {unknown}
 B - a potion of berserk rage {unknown}
 I - a potion of cure mutation
Books
 e - a book of Geomancy

   Spells                             Type                      Level
   a - Sandblast                      Earth                        1
   b - Passwall                       Transmutation/Earth          2
   c - Stone Arrow                    Conjuration/Earth            3
   d - Petrify                        Transmutation/Earth          4
   e - Lee's Rapid Deconstruction     Earth                        5
 J - a book of Frost

   Spells                             Type                      Level
   a - Freeze                         Ice                          1
   b - Throw Frost                    Conjuration/Ice              2
   c - Ozocubu's Armour               Charms/Ice                   3
   d - Throw Icicle                   Conjuration/Ice              4
   e - Summon Ice Beast               Ice/Summoning                4
Comestibles
 d - 4 bread rations
 k - 6 fruits
 r - 4 royal jellies
 G - 6 meat rations


   Skills:
 + Level 1.3 Fighting
 + Level 4.0 Maces & Flails
 + Level 1.9 Armour
 + Level 2.9 Dodging
 + Level 3.6 Stealth
 + Level 0.2 Unarmed Combat
 + Level 5.7 Spellcasting
 * Level 5.3 Conjurations
 + Level 0.7 Transmutations
 * Level 9.0 Earth Magic


You had 8 spell levels left.
You knew the following spells:

 Your Spells              Type           Power        Failure   Level  Hunger
a - Sandblast             Erth           #####.       1%          1    None
b - Stone Arrow           Conj/Erth      ####..       2%          3    ##.....
l - Lee's Rapid Deconstr  Erth           #####.....   14%         5    #####..
p - Passwall              Tmut/Erth      ###.......   3%          2    None


Dungeon Overview and Level Annotations

Branches:
Dungeon (8/15)             Temple (1/1) D:6
   Lair: D:8-11

Altars:
Ashenzari
Cheibriados
Dithmenos
Fedhas
Gozag
Kikubaaqudgha
Makhleb
Nemelex Xobeh
Okawaru
Ru
Sif Muna
Uskayaw
Xom
Yredelemnul
Zin
The Shining One

Annotations:
D:2 Sigmund
D:8 Erica


Innate Abilities, Weirdness & Mutations

You are resistant to torment.
Your stone body is resilient. (AC +5)
You are immune to poison.
You resist negative energy. (rN+)
You are resistant to electric shocks. (rElec)
You can survive without breathing.
You are immune to petrification.
You are immune to rotting.
You are agile. (Dex +2)
You can translocate small distances at will.
You regenerate slowly when monsters are visible.


Message History

Press: ? - help, Shift-Dir - straight line, f/p - Erica
Aim: Erica, wielding a scimitar of flaming and wearing a robe (heavily wounded)
The stone arrow hits Erica.
Erica is severely wounded.
Erica hits you with a scimitar of flaming.
* * * LOW HITPOINT WARNING * * *
Unknown command.
Unknown command.
Unknown command.
Casting: Stone Arrow
Confirm with . or Enter, or press ? or * to list all spells.
Aiming: Stone Arrow
Press: ? - help, Shift-Dir - straight line, f/p - Erica
Aim: Erica, wielding a scimitar of flaming and wearing a robe (severely wounded)
The stone arrow hits Erica.
Erica is severely wounded.
Erica gestures at you while chanting. The orb of energy hits you!
Ouch! That really hurt!
You die...

# ### #
#.#.#.#)##
#....@@..#
###.#.#.##
#. ... ..
# .#.#.
...
.......
... ## #.#
#. .. ...
.. . ...
..


You could see Erica.

Vanquished Creatures
  Eustachio (D:6)
  Menkaure (D:7)
  2 phantoms
  An ogre (D:7)
  A centaur (D:7)
  2 big kobolds
  A bullfrog (D:5)
  A water moccasin skeleton (D:6)
  A wyvern skeleton (D:6)
  4 scorpions
  A howler monkey (D:6)
  2 crimson imps (D:7)
  2 jellies
  A hound (D:7)
  A centaur skeleton (D:6)
  5 orc priests
  2 orc wizards (D:6)
  Crazy Yiuf (D:3)
  Terence (D:3)
  Jessica (D:2)
  Natasha (twice) (D:2)
  2 iguanas (D:7)
  4 worker ants
  A hound zombie (D:5)
  2 hound skeletons (D:5)
  2 howler monkey zombies (D:6)
  Robin (D:3)
  12 gnolls
  8 adders
  2 shadow imps
  An ooze (D:2)
  An adder skeleton (D:5)
  An adder zombie (D:7)
  4 worms (D:2)
  2 dart slugs
  4 leopard geckos
  14 orcs
  8 giant cockroaches
  16 goblins
  12 hobgoblins
  4 jackals (D:4)
  A quokka (D:6)
  A ball python (D:3)
  10 bats
  4 frilled lizards
  12 kobolds
  A leopard gecko skeleton (D:4)
  A quokka zombie (D:5)
  10 rats
175 creatures vanquished.

Vanquished Creatures (others)
  A hobgoblin (D:6)
1 creature vanquished.

Grand Total: 176 creatures vanquished

Notes
Turn   | Place    | Note
-------+----------+-------------------------------------------
     0 | D:1      | nubinia the Gargoyle Earth Elementalist began the quest for the Orb.
     0 | D:1      | Reached XP level 1. HP: 10/10 MP: 3/3
   233 | D:1      | Reached skill level 4 in Earth Magic
   294 | D:1      | Reached XP level 2. HP: 15/15 MP: 3/5
   298 | D:1      | Learned a level 2 spell: Passwall
   767 | D:2      | Noticed Natasha
   805 | D:2      | Killed Natasha
   805 | D:2      | Reached XP level 3. HP: 19/19 MP: 3/6
   810 | D:2      | Learned a level 3 spell: Stone Arrow
  1112 | D:2      | Reached skill level 5 in Earth Magic
  1112 | D:2      | Reached XP level 4. HP: 24/24 MP: 4/7
  1237 | D:2      | Noticed Sigmund
  1741 | D:2      | Noticed Jessica
  1745 | D:2      | Killed Jessica
  1871 | D:2      | Reached XP level 5. HP: 28/28 MP: 4/9
  2067 | D:2      | Reached skill level 1 in Conjurations
  2206 | D:2      | Reached skill level 1 in Maces & Flails
  2592 | D:2      | Noticed Natasha
  2595 | D:2      | Killed Natasha
  2595 | D:2      | Reached XP level 6. HP: 24/32 MP: 6/10
  2886 | D:3      | Noticed Terence
  2906 | D:3      | Killed Terence
  3047 | D:3      | Found a shimmering altar of Xom.
  3056 | D:3      | Noticed Robin
  3061 | D:3      | Killed Robin
  3320 | D:3      | Found a white marble altar of Elyvilon.
  3320 | D:3      | Found a sparkling altar of Nemelex Xobeh.
  3324 | D:3      | Found a sacrificial altar of Ru.
  3324 | D:3      | Found a burning altar of Makhleb.
  3324 | D:3      | Found a shadowy altar of Dithmenos.
  3700 | D:3      | Found a runed door.
  4179 | D:3      | Noticed Crazy Yiuf
  4182 | D:3      | Killed Crazy Yiuf
  4247 | D:4      | Reached skill level 6 in Earth Magic
  4733 | D:4      | Reached XP level 7. HP: 33/36 MP: 12/12
  5039 | D:5      | Entered Level 5 of the Dungeon
  5068 | D:5      | Found an iron altar of Okawaru.
  5612 | D:5      | Gained mutation: You can translocate small distances at will. [potion of mutation]
  5612 | D:5      | Gained mutation: You are agile. (Dex +2) [potion of mutation]
  5612 | D:5      | Gained mutation: You regenerate slowly when monsters are visible. [potion of mutation]
  6767 | D:6      | Reached skill level 1 in Fighting
  6775 | D:6      | Reached XP level 8. HP: 25/43 MP: 7/14
  7240 | D:6      | Reached skill level 7 in Earth Magic
  7603 | D:6      | Noticed Eustachio
  7618 | D:6      | Killed Eustachio
  8158 | D:6      | Found a staircase to the Ecumenical Temple.
  8167 | Temple   | Entered the Ecumenical Temple
  8240 | Temple   | Became a worshipper of Sif Muna the Loreminder
  8535 | D:7      | Noticed Menkaure
  8535 | D:7      | Reached skill level 5 in Spellcasting
  8535 | D:7      | Reached skill level 8 in Earth Magic
  8595 | D:6      | Reached skill level 1 in Armour
  8666 | D:7      | Reached XP level 9. HP: 40/47 MP: 14/16
  8838 | D:7      | Reached skill level 5 in Conjurations
  8846 | D:7      | Reached * piety under Sif Muna
  9160 | D:7      | Learned a level 5 spell: Lee's Rapid Deconstruction
  9211 | D:7      | Killed Menkaure
  9273 | D:7      | Found a burning altar of Makhleb.
  9379 | D:7      | Reached skill level 9 in Earth Magic
  9418 | D:8      | Noticed Erica
  9424 | D:8      | Killed from afar by Erica

Vault maps used:
D:1:      dpeg_arrival_fog
D:2:      kb_forest_paths, uniq_jessica, uniq_sigmund, uniq_natasha
D:3:      first_bread, doesnt_xom_only_xom, uniq_crazy_yiuf_cottage, uniq_robin,
          uniq_terence
D:5:      minmay_crystal_water, okawaru_altar_gauntlet_db
D:6:      lemuel_temple_firewalk_b, nrook_mini_vaults,
          hangedman_decor_slide_cut, fountainhead, serial_bayou_ford_a,
          minmay_misc_feat_tower, roderic_whirl, uniq_eustachio
D:7:      nicolae_overflow_hidden_temple, kennysheep_mini, uniq_menkaure
D:8:      grunt_livestock, st_stairs_8, uniq_grum, uniq_psyche, uniq_erica
Temple:   jpeg_temple_clearing

Skill      XL: |  1  2  3  4  5  6  7  8  9 |
---------------+----------------------------+-----
Earth Magic    | 4 5 6 8 9 |  9.0
Spellcasting   | 3 4 5 |  5.7
Conjurations   | 1 2 3 4 5 |  5.3
Dodging        | 2 |  2.9
Maces & Flails | 1 2 3 4 |  4.0
Stealth        | 3 |  3.6
Fighting       | 1 |  1.3
Armour         | 1 |  1.9
Unarmed Combat | |  0.2
Transmutations | |  0.7

Action                   |  1- 3 |  4- 6 |  7- 9 || total
-------------------------+-------+-------+-------++-------
Melee: Unarmed           |     9 |       |       ||     9
       Club              |       |    40 |       ||    40
       Flail             |       |   117 |       ||   117
       Mace              |       |    24 |   186 ||   210
 Cast: Sandblast         |    26 |    70 |    97 ||   193
       Stone Arrow       |       |     2 |    34 ||    36
       Lee's Rapid Decon |       |       |     1 ||     1
  Use: Scroll            |       |     1 |     6 ||     7
       Potion            |       |       |     3 ||     3
 Stab: Sleeping          |       |     4 |     3 ||     7
  Eat: Chunk             |     1 |    11 |    13 ||    25
       Royal jelly       |       |       |     2 ||     2
Armor: Robe              |    10 |   114 |    58 ||   182
       Leather armour    |       |       |    52 ||    52
Dodge: Dodged            |    13 |   142 |   170 ||   325
